 Dungeon Crawl Stone Soup version 0.19.0-23-gf02e663 (webtiles) character file.

1254 Coron the Covert (level 8, -4/46 HPs)
             Began as a Deep Elf Assassin on Nov 19, 2016.
             Was an Initiate of Dithmenos.
             Splashed by a jelly's acid (11 damage)
             ... on level 5 of the Dungeon.
             The game lasted 00:25:27 (7068 turns).

Coron the Covert (Deep Elf Assassin)                Turns: 7068, Time: 00:25:30

Health: -4/46      AC: -4    Str:  6    XL:     8   Next: 26%
Magic:  10/10      EV: 16    Int: 17    God:    Dithmenos [......]
Gold:   247        SH:  0    Dex: 16    Spells: 0 memorised, 7 levels left

rFire  . . .     SeeInvis .     y - +2 dagger (venom)
rCold  . . .     Gourm    .     c - +0 robe
rNeg   . . .     Faith    .     (no shield)
rPois  +         Spirit   .     (no helmet)
rElec  .         Reflect  .     d - +2 cloak
rCorr  .         Harm     .     x - +2 pair of gloves
MR     .....                    (no boots)
Stlth  +++++.....               E - amulet of magic regeneration
                                (no ring)
                                r - ring of poison resistance

@: corroded
A: camouflage 1, clumsy 1, screaming 1, weak 1, no device heal 1
a: Renounce Religion


You were on level 5 of the Dungeon.
You worshipped Dithmenos.
Dithmenos was noncommittal.
You were not hungry.

You visited 1 branch of the dungeon, and saw 5 of its levels.

You collected 247 gold pieces.

Inventory:

Hand Weapons
 a - a +2 dagger
 b - a +0 blowgun
 y - a +2 dagger of venom (weapon)
Missiles
 e - a throwing net (quivered)
 f - 2 curare-tipped needles
 i - 45 poisoned needles
Armour
 c - a +0 robe (worn)
 d - a +2 cloak (worn)
 m - the +6 chain mail of the Prince {*Slow MR- rCorr Dex+10}
   (You found it on level 5 of the Dungeon)

   It affects your dexterity (+10).
   It affects your resistance to hostile enchantments.
   It protects you from acid and corrosion.
   It may slow you when you take damage.
 x - a +2 pair of gloves (worn)
Jewellery
 r - a ring of poison resistance (left hand)
 E - an amulet of magic regeneration (around neck)
Scrolls
 n - 2 scrolls of teleportation
 o - a scroll of fog {unknown}
 p - 2 scrolls of remove curse
 q - a scroll of fear {unknown}
 t - a scroll of enchant weapon {unknown}
 v - a scroll of noise {unknown}
 z - a scroll of recharging {unknown}
 B - a scroll of enchant armour
Potions
 k - a potion of flight
 l - a potion of curing
 s - a potion of agility
Comestibles
 g - 4 bread rations
 A - 2 meat rations
 F - 2 fruits


   Skills:
 + Level 3.2 Fighting
 - Level 4.2 Short Blades
 - Level 2.0 Throwing
 - Level 6.4 Dodging
 - Level 10.0 Stealth


You had 7 spell levels left.
You didn't know any spells.

Dungeon Overview and Level Annotations

Branches:
Dungeon (5/15)
 Temple: D:4-7

Altars:
Dithmenos


Innate Abilities, Weirdness & Mutations

Your skin changes colour to match your surroundings (Stealth+).
You are clumsy. (Dex -2)
You occasionally shout uncontrollably at your foes.
You are weak. (Str -2)
Potions and wands are less effective at restoring your health.


Message History

You hit the jelly but do no damage.
Your hands burn!
The jelly is moderately wounded.
The jelly closely misses you.
You hit the jelly but do no damage.
Your hands burn!
The jelly is moderately wounded.
The jelly closely misses you.
You hit the jelly but do no damage.
Your hands burn!
* * * LOW HITPOINT WARNING * * *
The jelly is moderately wounded.
The jelly closely misses you.
All of the chunks of flesh in your inventory have rotted away.
There is an open door here.
The jelly looks more healthy.
You hit the jelly but do no damage. The acid corrodes you!
Your hands burn!
* * * LOW HITPOINT WARNING * * *
The jelly is severely wounded.
The jelly hits you.
* * * LOW HITPOINT WARNING * * *
You are splashed with acid!
The acid burns!
You die...

..##..'..<.......# #........##.
...).)#..........# #........##.
....#[+..........# ####....###.
....#)#..........# #....#...
....#.)####......# #....#..#
....#..# #......########......##
....#..## #......'.....##..##..##
....#...# #......#####.##..###..#
....#.#.###..<..@'...#.##...##...
#####.#.##......J#...#.#.........
# ##'#..#.......#...#.#..##.....
# #.....#....##.#...#...####..._
# #..).......##.##.##....##.....
####....#..<...#.#...............
'.....###......#.#####.##...##...
####### #......'...........###..#
......# #......#.#####.###.##..##


You could see a jelly.

Vanquished Creatures
  Grinder (D:5)
  A hippogriff (D:4)
  2 ogres (D:5)
  A bullfrog (D:5)
  A bullfrog zombie (D:5)
  A hound (D:4)
  A bullfrog skeleton (D:4)
  2 orc priests (D:4)
  3 orc wizards
  An iguana (D:5)
  3 worker ants
  A hound zombie (D:5)
  4 gnolls
  11 adders
  2 shadow imps (D:5)
  An ooze (D:1)
  4 worms
  3 dart slugs
  4 leopard geckos
  18 orcs
  2 ball pythons
  9 bats
  6 giant cockroaches
  12 goblins
  4 hobgoblins
  17 jackals
  7 kobolds
  6 quokkas
  3 frilled lizards
  8 rats
139 creatures vanquished.

Notes
Turn   | Place    | Note
-------+----------+-------------------------------------------
     0 | D:1      | Coron the Deep Elf Assassin began the quest for the Orb.
     0 | D:1      | Reached XP level 1. HP: 12/12 MP: 3/3
    53 | D:1      | Reached skill level 5 in Stealth
   558 | D:1      | Reached XP level 2. HP: 15/17 MP: 4/4
  1263 | D:1      | Reached XP level 3. HP: 19/21 MP: 5/5
  1672 | D:2      | Reached skill level 6 in Stealth
  1870 | D:2      | Reached XP level 4. HP: 24/26 MP: 6/6
  2801 | D:3      | Reached skill level 7 in Stealth
  3066 | D:3      | Reached XP level 5. HP: 11/30 MP: 7/7
  4437 | D:4      | Reached XP level 6. HP: 7/35 MP: 8/8
  4863 | D:4      | Reached skill level 8 in Stealth
  5385 | D:4      | Noticed a hippogriff
  5407 | D:4      | Killed a hippogriff
  5407 | D:4      | Reached skill level 9 in Stealth
  5407 | D:4      | Reached XP level 7. HP: 20/40 MP: 9/9
  5650 | D:5      | Entered Level 5 of the Dungeon
  5711 | D:5      | Found a shadowy altar of Dithmenos.
  5717 | D:5      | Reached skill level 10 in Stealth
  5721 | D:5      | Became a worshipper of Dithmenos the Shadowed
  6013 | D:5      | Noticed Grinder
  6173 | D:5      | Paralysed by Grinder for 7 turns
  6183 | D:5      | Gained mutation: You are clumsy. (Dex -2) [potion of mutation]
  6183 | D:5      | Gained mutation: Your skin changes colour to match your surroundings (Stealth+). [potion of mutation]
  6183 | D:5      | Gained mutation: You occasionally shout uncontrollably at your foes. [potion of mutation]
  6191 | D:5      | Killed Grinder
  6191 | D:5      | Reached XP level 8. HP: 15/44 MP: 10/10
  6233 | D:5      | Gained mutation: Potions and wands are less effective at restoring your health. [potion of mutation]
  6233 | D:5      | Gained mutation: You are weak. (Str -2) [potion of mutation]
  6459 | D:5      | Got a crude chain mail
  6470 | D:5      | Identified the +6 chain mail of the Prince {*Slow MR- rCorr Dex+10} (You found it on level 5 of the Dungeon)
  7068 | D:5      | Splashed by a jelly's acid

Skill      XL: |  1  2  3  4  5  6  7  8 |
---------------+-------------------------+-----
Stealth        | 5 6 7 9 10 | 10.0
Fighting       | 2 3 |  3.2
Dodging        | 2 4 6 |  6.4
Short Blades   | 3 4 |  4.2
Throwing       | |  2.0

Action                   |  1- 3 |  4- 6 |  7- 9 || total
-------------------------+-------+-------+-------++-------
Melee: Dagger            |   107 |   305 |   132 ||   544
       Blowgun           |     1 |       |       ||     1
 Fire: Blowgun           |     6 |    28 |     5 ||    39
  Use: Scroll            |     1 |     7 |     3 ||    11
       Potion            |       |     2 |     9 ||    11
 Stab: Sleeping          |     9 |    12 |     7 ||    28
       Distracted        |       |     1 |       ||     1
  Eat: Chunk             |     3 |    11 |     6 ||    20
Armor: Robe              |    17 |    66 |    26 ||   109
Dodge: Dodged            |    62 |   207 |    56 ||   325
